 Dungeon Crawl Stone Soup version 0.30-a0-879-ga8ba668304 (webtiles) character file.

Game seed: 1825029709046807195

70 cforsyth the Covered (level 4, -2/38 HPs)
             Began as a Barachi Fighter on Mar 12, 2023.
             Slain by Sigmund
             ... wielding a +0 scythe
              (4 damage)
             ... on level 2 of the Dungeon.
             The game lasted 00:01:47 (1046 turns).

cforsyth the Covered (Barachi Fighter)              Turns: 1046, Time: 00:01:47

Health: -2/38      AC:  9    Str: 20    XL:     4   Next: 22%
Magic:  4/4        EV:  9    Int:  8    God:
Gold:   93         SH:  0    Dex: 11    Spells: 3/3 levels left

rFire   . . .      SeeInvis .    a - +0 war axe
rCold   . . .      Faith    .    c - +0 buckler
rNeg    . . .      Spirit   .    b - +0 scale mail
rPois   .          Reflect  .    e - +0 helmet
rElec   .          Rampage  .    (no cloak)
rCorr   .                        g - +0 pair of gloves
Will    .....                    (no boots) Stlth
                                 h - amulet of the acrobat
HPRegen 0.26/turn                (no ring)
MPRegen 0.09/turn                (no ring)

@: confused, slow
A: amphibious, slowness 1, strong legs 1, +LOS
a: Hop


You were on level 2 of the Dungeon.
You visited 1 branch of the dungeon, and saw 2 of its levels.

You collected 93 gold pieces.

Inventory:

Hand Weapons
 a - a +0 war axe (weapon)
Armour
 b - a +0 scale mail (worn)
 c - a +0 buckler (worn)
 e - a +0 helmet (worn)
 g - a +0 pair of gloves (worn)
Jewellery
 h - an amulet of the acrobat (around neck)
Wands
 i - a wand of iceblast (10)
Scrolls
 f - 4 scrolls of identify
 j - a scroll of teleportation
Potions
 d - a potion of might


   Skills:
 + Level 4.3 Fighting
 + Level 3.0 Axes
 + Level 4.3 Armour
 + Level 3.9 Shields


You had 3 spell levels left.
You didn't know any spells.
Your spell library contained the following spells:

 Spells                   Type           Power      Damage    Failure   Level
 Ozocubu's Armour         Ice            0%         N/A       99%         3
 Ozocubu's Refrigeration  Ice            0%         4d7       100%        7


Dungeon Overview and Level Annotations

Branches:
Dungeon (2/15)

Altars:
Zin

Annotations:
D:2 Sigmund


Innate Abilities, Weirdness & Mutations

You are amphibious.
You cover ground slowly.
You can hop short distances.
You have an extended range of vision and can be seen from far away.


Message History

You miss the adder.
You feel sick. The adder bites you but does no damage.
You slash the adder!
You kill the adder!
You feel sick.
Your Axes skill increases to level 3!
No target in view!
No target in view!
No target in view!
No target in view!
No target in view!
You feel sick. Something completely misses you.
You feel sick.
You are no longer poisoned.
Okay, then.
As you read the scroll labelled MUKAHO DYFROPN, it crumbles to dust.
It is a scroll of identify.
j - a scroll of teleportation Something hits you.
You barely miss something. Something hits you.
You hit something. Something hits you.
You slash something! Something hits you but does no damage.
You miss something. Something hits you but does no damage.
You closely miss something.
You hear some strange, mumbled words.
A puff of flame appears from out of thin air!
The puff of flame hits you.
* * * LOW HITPOINT WARNING * * *
You barely miss something. Something hits you!
* * * LOW HITPOINT WARNING * * *
You hit something.
You hear some strange, mumbled words.
You are confused.
You hit something but do no damage. Something hits you but does no damage.
Okay, then.
You bump into the rock wall.
Sigmund appears from thin air!
Reactivating autopickup.
Sigmund hits you with a +0 scythe.
* * * LOW HITPOINT WARNING * * *
You bump into the rock wall.
Sigmund hits you with a +0 scythe.
You die...

##.######.###.#..#######'####
#. #.###.#..# #.# #.
##.....## #####.#### #
#..##### #...'.'... #.##
#.###.###. #######.# # #.# #.
#.......# #.###+###.###†
#..#####.#######.'...(....†..
...........@@....# #+###.###'
#.###....####..#.# #.# #.
#.##.####.##.# #.# #. #.
#......##.# +.+ .. .
#####..##.# ## # #######.#..#
...>........#######+####
####....###.............
#...### ###...####..##


You could see Sigmund.

Vanquished Creatures
  3 adders (D:2)
  2 dart slugs (D:1)
  6 endoplasms
  3 giant cockroaches (D:1)
  5 goblins
  A hobgoblin (D:1)
  A kobold (D:1)
  2 quokkas
  3 ball pythons
  3 bats (D:1)
  A frilled lizard (D:2)
  4 rats
34 creatures vanquished.

Notes
Turn   | Place    | Note
-------+----------+-------------------------------------------
     0 | D:1      | cforsyth the Barachi Fighter began the quest for the Orb.
     0 | D:1      | Reached XP level 1. HP: 18/18 MP: 1/1
    54 | D:1      | Reached XP level 2. HP: 24/25 MP: 2/2
   276 | D:1      | Reached XP level 3. HP: 29/30 MP: 3/3
   888 | D:2      | Reached XP level 4. HP: 32/37 MP: 4/4
   990 | D:2      | Found Hielu Xask's Distillery.
  1008 | D:2      | Found a glowing silver altar of Zin.
  1013 | D:2      | Noticed Sigmund
  1046 | D:2      | Slain by Sigmund

Illustrated notes

Levels and vault maps discovered:
D:1:      minmay_arrival_loop, layout_loops_cross
D:2:      layout_rooms, serial_shops, shop, basic_altar, minmay_door_square,
          uniq_sigmund

Skill      XL: |  1  2  3  4 |
---------------+-------------+-----
Fighting       | 4 |  4.3
Armour         | 4 |  4.3
Axes           | 3 |  3.0
Shields        | |  3.9

Action                     |  1- 3 |  4- 6 || total
---------------------------+-------+-------++-------
  Melee: War axe           |    99 |    12 ||   111
    Use: Scroll            |       |     1 ||     1
 Armour: Scale mail        |    53 |     5 ||    58
  Dodge: Dodged            |    47 |     5 ||    52
  Block: Buckler           |    22 |     1 ||    23

Table legend: (Time is in decaauts)
 A = Elapsed time spent in this place.
 B = Non-inter-level travel time spent in this place.
 C = Inter-level travel time spent in this place.
 D = Time resting spent in this place.
 E = Time spent auto-exploring this place.
 F = Levels seen in this place.
 G = Mean time per level.
                   A        B        C        D        E       F      G
               +--------+--------+--------+--------+--------+-----+--------+
         Total |   1242 |   1206 |     36 |      0 |    877 |   2 |  621.0 |
       Dungeon |   1242 |   1206 |     36 |      0 |    877 |   2 |  621.0 |
               +--------+--------+--------+--------+--------+-----+--------+

Top non-repeatable levels by time:
     D:1: 852 daAuts
     D:2: 390 daAuts
